 Dungeon Crawl Stone Soup version 0.19.1 (webtiles) character file.

175 Angani the Spear-Bearer (level 5, -1/38 HPs)
             Began as a Merfolk Gladiator on Dec 5, 2016.
             Was a Believer of Uskayaw.
             Slain by Crazy Yiuf
             ... wielding a +2 quarterstaff of chaos
              (2 damage)
             ... on level 3 of the Dungeon.
             The game lasted 00:03:42 (2590 turns).

Angani the Spear-Bearer (Merfolk Gladiator)         Turns: 2590, Time: 00:03:43

Health: -1/38      AC:  5    Str: 15    XL:     5   Next: 55%
Magic:  5/5        EV: 14    Int:  8    God:    Uskayaw [**....]
Gold:   113        SH:  0    Dex: 15    Spells: 0 memorised, 4 levels left

rFire  . . .     SeeInvis .     h - +0 spear (pierce)
rCold  . . .     Gourm    .     b - +0 leather armour
rNeg   . . .     Faith    .     (no shield)
rPois  .         Spirit   .     c - +0 helmet
rElec  .         Reflect  .     (no cloak)
rCorr  .         Harm     .     (no gloves)
MR     .....                    r - +0 pair of boots
Stlth  +.........               m - amulet of rage
                                (no ring)
                                (no ring)

@: lethally poisoned (-1 -> -6)
A: change form in water, swift swim, stealthy swim
a: Stomp, Line Pass, Renounce Religion, Evoke Berserk Rage


You were on level 3 of the Dungeon.
You worshipped Uskayaw.
Uskayaw was noncommittal.
You were not hungry.

You visited 1 branch of the dungeon, and saw 3 of its levels.

You collected 113 gold pieces.

Inventory:

Hand Weapons
 a - a +0 trident
 h - a +0 spear of piercing (weapon)
Missiles
 d - 3 throwing nets (quivered)
Armour
 b - a +0 leather armour (worn)
 c - a +0 helmet (worn)
 r - a +0 pair of boots (worn)
Jewellery
 m - an amulet of rage (around neck)
Scrolls
 e - 2 scrolls of blinking {unknown}
 g - 3 scrolls of identify {unknown}
 i - 2 scrolls of teleportation {unknown}
 j - 3 scrolls of remove curse {unknown}
 p - a scroll of random uselessness {unknown}
Potions
 o - a potion of mutation {unknown}
 q - a potion of cure mutation {unknown}
Books
 k - a book of Changes

   Spells                             Type                      Level
   a - Beastly Appendage              Transmutation                1
   b - Sticks to Snakes               Transmutation                2
   c - Spider Form                    Transmutation/Poison         3
   d - Ice Form                       Ice/Transmutation            4
   e - Blade Hands                    Transmutation                5
Comestibles
 f - 3 bread rations
 l - a meat ration
 n - a slice of pizza


   Skills:
 - Level 2.1 Fighting
 + Level 8.8 Polearms
 - Level 2.0 Throwing
 - Level 4.0 Dodging


You had 4 spell levels left.
You didn't know any spells.

Dungeon Overview and Level Annotations

Branches:
Dungeon (3/15)

Altars:
Kikubaaqudgha
Uskayaw

Annotations:
D:3 Crazy Yiuf


Message History

You hit Crazy Yiuf.
Crazy Yiuf is severely wounded.
You can now pass through a line of other dancers.
You hit Crazy Yiuf.
Crazy Yiuf is almost dead.
Crazy Yiuf hits you with a quarterstaff of chaos.
You are electrocuted!
You barely miss Crazy Yiuf.
Crazy Yiuf is almost dead.
You hit Crazy Yiuf but do no damage.
Crazy Yiuf is almost dead.
Crazy Yiuf hits you but does no damage.
You are poisoned.
You hit Crazy Yiuf.
Crazy Yiuf is almost dead.
You feel sick.
Crazy Yiuf screams, "Sif Muna bush blue!"
Crazy Yiuf hits you with a quarterstaff of chaos!
* * * LOW HITPOINT WARNING * * *
You die...

###.######........##
#.#
#.##..........<..#
#..
#.##.##.........##
###.##.##.#########
....##.##.#
....##.##.# #####
###.##.##.# #)..#
#.##.##.# #.g.#
#.##.##.# #.@.#
###.#.#.#.# ##'##
.....###..# ♣.♣♣
##..#.#.#.# ♣♣.♣
##..##.##.## ♣.♣♣
##### .......#...#
♣♣.♣ #....
##..###....# ♣♣.♣♣
#.### ##..####...#
♣♣...♣ #.#
......###.## ♣.†..♣
##.##


You could see Crazy Yiuf.

Vanquished Creatures
  An iguana (D:3)
  2 orc wizards (D:3)
  Robin (D:3)
  An adder (D:2)
  3 dart slugs
  A leopard gecko (D:1)
  11 orcs (D:3)
  6 bats
  A giant cockroach (D:2)
  9 goblins
  8 hobgoblins
  4 kobolds
  4 frilled lizards
  9 rats
61 creatures vanquished.

Notes
Turn   | Place    | Note
-------+----------+-------------------------------------------
     0 | D:1      | Angani the Merfolk Gladiator began the quest for the Orb.
     0 | D:1      | Reached XP level 1. HP: 16/16 MP: 1/1
    78 | D:1      | Reached skill level 5 in Polearms
   139 | D:1      | Reached XP level 2. HP: 22/22 MP: 2/2
   927 | D:2      | Found an ancient bone altar of Kikubaaqudgha.
   965 | D:2      | Reached skill level 6 in Polearms
   965 | D:2      | Reached XP level 3. HP: 15/27 MP: 3/3
  1620 | D:3      | Reached skill level 7 in Polearms
  1620 | D:3      | Reached XP level 4. HP: 21/33 MP: 4/4
  1726 | D:3      | Noticed Robin
  1759 | D:3      | Killed Robin
  1920 | D:3      | Reached skill level 8 in Polearms
  1920 | D:3      | Reached XP level 5. HP: 25/38 MP: 5/5
  2385 | D:3      | Found a faded altar of an unknown god.
  2395 | D:3      | Became a worshipper of Uskayaw the Reveler
  2395 | D:3      | Reached * piety under Uskayaw
  2494 | D:3      | Found a runed door.
  2581 | D:3      | Noticed Crazy Yiuf
  2586 | D:3      | Reached ** piety under Uskayaw
  2590 | D:3      | HP: 1/38 [Crazy Yiuf/quarterstaff of chaos (10)]
  2590 | D:3      | Slain by Crazy Yiuf

Skill      XL: |  1  2  3  4 |
---------------+-------------+-----
Polearms       | 5 6 7 8 |  8.8
Fighting       | |  2.1
Throwing       | |  2.0
Dodging        | |  4.0

Action                   |  1- 3 |  4- 6 || total
-------------------------+-------+-------++-------
Melee: Trident           |    88 |    25 ||   113
       Spear             |       |   103 ||   103
  Use: Potion            |       |     3 ||     3
 Stab: Sleeping          |     4 |     1 ||     5
  Eat: Chunk             |     1 |     4 ||     5
Armor: Leather armour    |    14 |    16 ||    30
Dodge: Dodged            |    39 |    51 ||    90
